 Dungeon Crawl Stone Soup version 0.20.0-15-g7f486f2 (webtiles) character file.

2078 itabs the Cutter (level 9, -8/75 HPs)
             Began as a Pale Draconian Berserker on June 10, 2017.
             Was an Elder of Trog.
             Killed by nerve-wracking pain
             ... invoked by an orc priest
              (9 damage)
             ... on level 7 of the Dungeon on June 11, 2017.
             The game lasted 00:51:01 (5061 turns).

itabs the Cutter (Pale Draconian Berserker)         Turns: 5061, Time: 00:51:01

Health: -8/75      AC:  8    Str: 26    XL:     9   Next: 6%
Magic:  9/9        EV: 14    Int:  7    God:    Trog [****..]
Gold:   309        SH:  0    Dex: 10    Spells: 8/8 levels left

rFire    . . .     SeeInvis .   c - +1 hand axe (vamp)
rCold    . . .     Gourm    +   (no shield)
rNeg     . . .     Faith    .   (armour unavailable)
rPois    .         Spirit   .   (helmet restricted)
rElec    .         Reflect  .   (no cloak)
rCorr    .         Harm     .   y - +0 pair of gloves
MR       .....                  (no boots)
Stlth    ++........             n - amulet of the gourmand
Regen    0.3/turn               q - +2 ring of strength
MPRegen  0.2/turn               D - ring of wizardry

@: short of breath, drained
A: breathe steam, unfitting armour, cold-blooded, AC +7
a: Breathe Steam, Berserk, Trog's Hand, Brothers in Arms, Burn Spellbooks,
Renounce Religion


You were on level 7 of the Dungeon.
You worshipped Trog.
Trog was greatly pleased with you.
You were very full.

You visited 1 branch of the dungeon, and saw 6 of its levels.

You collected 309 gold pieces.

Inventory:

Hand Weapons
 c - a +1 vampiric hand axe (weapon)
 f - a +4 falchion {sup}
 B - a +2 dagger of draining
 F - a +0 shortbow
Missiles
 e - 96 arrows
 j - 24 bolts
 l - 8 needles of sleeping
 w - 15 poisoned needles
 A - 2 javelins (quivered)
Armour
 y - a +0 pair of gloves (worn)
Jewellery
 n - an amulet of the gourmand (around neck)
 q - a +2 ring of strength (left hand)
 D - a ring of wizardry (right hand)
Wands
 a - a wand of iceblast (7/15)
 m - a wand of confusion (32/48)
Scrolls
 d - a scroll of immolation {unknown}
 g - 5 scrolls of teleportation
 h - a scroll of amnesia
 o - a scroll of remove curse
 E - a scroll of recharging {unknown}
Potions
 i - a potion of mutation {unknown}
 t - a potion of agility
 u - 2 potions of curing
Comestibles
 b - 5 bread rations
 k - 3 meat rations
 r - 5 fruits
 s - 2 royal jellies


   Skills:
 + Level 5.9(5.7) Fighting
 * Level 6.7 Short Blades
 + Level 2.0(4.5) Long Blades
 - Level 4.9(4.7) Axes
 + Level 1.3(1.1) Throwing
 + Level 6.6(6.4) Dodging
 + Level 2.2(2.1) Stealth


You had 8 spell levels left.
You didn't know any spells.

Dungeon Overview and Level Annotations

Branches:
Dungeon (7/15)
 Temple: D:4-7

Altars:
Dithmenos
Hepliaklqana
Kikubaaqudgha
Zin
The Shining One


Innate Abilities, Weirdness & Mutations

You can breathe blasts of scalding, opaque steam.
Your pale cyan-grey scales are hard. (AC +7)
You cannot fit into any form of body armour.
You are cold-blooded and may be slowed by cold attacks.


Message History

The puff of flame hits you!
* * * LOW HITPOINT WARNING * * *
The orc wizard is no longer moving quickly.
The orc wizard gestures at you while chanting.
The puff of frost hits you!
* * * LOW HITPOINT WARNING * * *
The orc priest looks satisfied for a moment.
Press: ? - help, Shift-Dir - straight line, f - orc wizard
Aim: an orc wizard, wielding a dagger and wearing a robe You exhale a blast of scalding steam.
You feel somewhat less full. Trog accepts your kill.
Trog appreciates your killing of a magic user.
You feel a bit more experienced. Trog accepts your kill.
You feel a bit more experienced.
There is a stone staircase leading down here.
The orc priest is engulfed in a cloud of scalding steam.
The orc priest calls down the wrath of Beogh upon you.
Pain shoots through your body!
You die...

..#.#..##....#..(§...#
#...o..
....#...#...##...§...#
#....###
.)..............§)§..# #...#
........#.....#§§...## ....#
.[........##.....o...#.....#
.....)....##...§........###
...........##....>.....##
...........#..#..#######
.............###@#
###.####.....###.# ##..#
#......#..# ....#
#.###.....#
###.####.####.##.#
.................#
.##.####.####....#
.##..###.........#
####.##...##..)#.#


You could see an orc priest.

Vanquished Creatures
  Grinder (D:3)
  The ghost of Lochraine the Chiller, an amateur DsIE (D:3)
  2 orc warriors
  An ice beast (D:7)
  A phantom (D:3)
  2 ogres (D:6)
  2 centaurs
  3 bullfrogs (D:6)
  A wyvern skeleton (D:6)
  A scorpion (D:6)
  A centaur zombie (D:7)
  A bullfrog zombie (D:6)
  3 hounds
  2 orc priests (D:7)
  A bullfrog skeleton (D:6)
  3 orc wizards
  4 iguanas
  A worker ant (D:3)
  A hound zombie (D:6)
  A hound skeleton (D:6)
  4 gnolls (D:6)
  6 adders
  A shadow imp (D:7)
  2 oozes
  3 worms
  4 leopard geckos
  20 orcs
  7 giant cockroaches
  9 goblins
  7 hobgoblins
  10 jackals
  3 quokkas
  A ball python (D:2)
  6 bats
  3 frilled lizards
  9 kobolds
  A leopard gecko skeleton (D:4)
  7 rats
136 creatures vanquished.

Notes
Turn   | Place    | Note
-------+----------+-------------------------------------------
     0 | D:1      | itabs the Draconian Berserker began the quest for the Orb.
     0 | D:1      | Reached XP level 1. HP: 19/19 MP: 1/1
   112 | D:1      | Reached XP level 2. HP: 26/26 MP: 2/2
   935 | D:2      | Reached XP level 3. HP: 33/33 MP: 3/3
  1068 | D:2      | Reached ** piety under Trog
  1075 | D:2      | Found a hazy altar of Hepliaklqana.
  1444 | D:2      | Found a glowing golden altar of the Shining One.
  1444 | D:2      | Found an ancient bone altar of Kikubaaqudgha.
  1759 | D:2      | Reached XP level 4. HP: 39/40 MP: 4/4
  2138 | D:3      | Noticed a phantom
  2138 | D:3      | Noticed Lochraine's ghost (amateur DsIE)
  2159 | D:3      | Killed Lochraine's ghost
  2159 | D:3      | Reached skill level 1 in Stealth
  2159 | D:3      | Reached XP level 5. HP: 44/47 MP: 5/5
  2289 | D:3      | Killed a phantom
  2289 | D:3      | Reached XP level 6. HP: 53/53 MP: 6/6
  2782 | D:3      | Reached skill level 1 in Short Blades
  2867 | D:3      | Found a glowing silver altar of Zin.
  2870 | D:3      | Noticed an angel
  3007 | D:3      | Noticed Grinder
  3007 | D:3      | Paralysed by Grinder for 4 turns
  3034 | D:3      | Killed Grinder
  3034 | D:3      | Reached skill level 1 in Throwing
  3034 | D:3      | Reached skill level 5 in Dodging
  3034 | D:3      | Your scales start taking on a pale cyan-grey colour.
  3034 | D:3      | Reached XP level 7. HP: 60/60 MP: 7/7
  3469 | D:4      | You fall through a shaft for 2 floors!
  3485 | D:6      | Reached skill level 5 in Fighting
  3633 | D:6      | Reached *** piety under Trog
  3779 | D:6      | Reached XP level 8. HP: 36/68 MP: 8/8
  3822 | D:6      | Reached skill level 5 in Short Blades
  4367 | D:7      | Reached skill level 1 in Long Blades
  4528 | D:7      | Found a shadowy altar of Dithmenos.
  4989 | D:7      | Reached **** piety under Trog
  5021 | D:7      | Received a gift from Trog
  5035 | D:7      | Reached XP level 9. HP: 20/75 MP: 9/9
  5057 | D:7      | HP: 1/75 [orc wizard/puff of frost (6)]
  5061 | D:7      | Killed from afar by an orc priest

Skill      XL: |  1  2  3  4  5  6  7  8 |
---------------+-------------------------+-----
Dodging        | 3 4 5 6 |  6.6
Fighting       | 4 5 |  5.9
Axes           | 4 |  4.9
Stealth        | 1 2 |  2.2
Short Blades   | 2 4 6 |  6.7
Throwing       | 1 |  1.3
Long Blades    | 2 |  2.0

Action                   |  1- 3 |  4- 6 |  7- 9 || total
-------------------------+-------+-------+-------++-------
Melee: Hand axe          |   119 |    69 |   122 ||   310
       Tailslap          |    14 |    19 |    55 ||    88
       Dagger            |       |    81 |    89 ||   170
       Falchion          |       |       |    16 ||    16
Throw: Javelin           |     2 |     8 |       ||    10
       Stone             |       |       |     2 ||     2
Invok: Berserk           |     2 |     3 |       ||     5
       Trog's Hand       |       |     5 |       ||     5
 Abil: Breathe Steam     |       |       |    10 ||    10
  Use: Scroll            |     5 |     2 |       ||     7
  Eat: Chunk             |    15 |     8 |    12 ||    35
Armor: Skin              |    42 |    40 |    56 ||   138
Dodge: Dodged            |    92 |    99 |   180 ||   371
       Rpst.: Falchion   |       |       |     7 ||     7
